 Dungeon Crawl Stone Soup version bcrawl-1.12-8-g964540c432 (webtiles) character file.

Game seed: 11355713697764857680

61 MisterOstroum the Sneak (level 4, -1/22 HPs)
             Began as a Felid Transmuter on June 9, 2019.
             Slain by an orc
             ... wielding a +0 club
              (4 damage)
             ... on level 2 of the Dungeon.
             The game lasted 00:06:47 (3058 turns).

MisterOstroum the Sneak (Felid Transmuter)          Turns: 3058, Time: 00:06:47

Health: -1/22      AC:  1    Str:  6      XL:     4   Next: 7%
Magic:  8/8        EV: 18    Int: 14      God:
Gold:   180        SH:  0    Dex: 13 (17) Spells: 4/7 levels left
                                        Lives:  0   Deaths: 1

rFire    . . .     SeeInvis +     - Unarmed
rCold    . . .     Gourm    .   (shield unavailable)
rNeg     . . .     Faith    .   (armour unavailable)
rPois    .         Spirit   .   (helmet unavailable)
rElec    .         Reflect  .   (cloak restricted)
rCorr    .         Harm     .   (gloves unavailable)
MR       .....                  (boots unavailable)
Stlth    +++.......             (no amulet)
HPRegen  0.07/turn              (no ring)
MPRegen  0.11/turn              (no ring)

@: appendage (expiring), quick
A: very small, no armour, no weapons or thrown items, stealth, claws 1, fangs 3,
horns 2, see invisible, carnivore, speed 1, shaggy fur 1, slow metabolism 1,
sharp paws
a: End Transformation


You were on level 2 of the Dungeon.
You were full.
You had grown temporary horns.
You visited 1 branch of the dungeon, and saw 3 of its levels.

You collected 180 gold pieces.

Inventory:

Missiles
 a - 50 arrows
Scrolls
 b - a scroll of immolation {unknown}
 f - a scroll of blinking {unknown}
 g - a scroll of amnesia {unknown}
 h - a scroll of remove curse {unknown}
 i - a scroll of fog {unknown}
Potions
 c - a potion of lignification {@q6}
 d - 2 potions of haste {unknown}
 j - a potion of mutation {unknown}
Comestibles
 e - a ration {!d}


   Skills:
 + Level 1.5 Fighting
 + Level 3.2 Dodging
 - Level 5.0 Stealth
 + Level 3.9 Unarmed Combat
 + Level 2.2 Spellcasting
 + Level 2.5 Transmutations


You had 4 spell levels left.
You knew the following spells:

 Your Spells              Type           Power        Failure   Level  Hunger
a - Beastly Appendage     Tmut           #.....       9%          1    #......
b - Sticks to Snakes      Tmut           #.......     12%         2    ###....

Your spell library contained the following spells:

 Spells                   Type           Power        Failure   Level  Hunger
 Spider Form              Tmut/Pois      #.........   38%         3    ###....
 Ice Form                 Ice/Tmut       #.......     80%         4    #####..
 Blade Hands              Tmut           #.........   92%         5    ######.


Dungeon Overview and Level Annotations

Branches:
Dungeon (3/12)

Altars:

Annotations:
D:3 exclusion: upstairs, Jessica


Innate Abilities, Weirdness & Mutations

You cannot wear almost all types of armour.
You are incapable of wielding weapons or throwing items.
Your paws allow you to move quietly. (Stealth)
You have sharp claws.
You have razor-sharp teeth.
You have supernaturally acute eyesight. (SInv)
You are carnivorous and can eat meat at any time.
You cover ground quickly.
You are covered in fur. (AC +1)
You have a slow metabolism.
Your sharp claws are effective at attacking unaware monsters.
You have a pair of horns on your head.


Message History

The quasit misses you. x2; The quasit barely misses you.
You barely miss the quasit.
The quasit is almost dead.
The quasit closely misses you. The quasit claws you.
* * * LOW HITPOINT WARNING * * *
The quasit completely misses you.
You scratch the quasit but do no damage.
Your bite misses the quasit.
The quasit is almost dead.
The quasit bites you.
* * * LOW HITPOINT WARNING * * *
The quasit completely misses you. The quasit closely misses you.
You miss the quasit.
The quasit is almost dead.
The quasit closely misses you. The quasit claws you.
* * * LOW HITPOINT WARNING * * *
The quasit barely misses you.
You scratch the quasit.
The quasit is almost dead.
The quasit completely misses you. The quasit closely misses you.
The quasit completely misses you.
You closely miss the quasit. Your bite misses the quasit.
The quasit is almost dead.
The quasit misses you. The quasit claws you.
* * * LOW HITPOINT WARNING * * *
You feel clumsy. The quasit barely misses you.
You closely miss the quasit.
The quasit is almost dead.
The quasit misses you. The quasit completely misses you. x2
The quasit barely misses you. The quasit completely misses you. x2
You closely miss the quasit.
The quasit is almost dead.
The quasit misses you. x3
You scratch the quasit.
You kill the quasit!
You see here the felid corpse of MisterOstroum.
You butcher the felid corpse of MisterOstroum.
k - 2 chunks of flesh You see here the felid skeleton of MisterOstroum.
There is a stone staircase leading down here.
Eat one of 2 chunks of flesh? (ye/n/q)
You eat one of the 2 chunks of flesh.
This raw flesh tastes great.
You start resting.
Eating a chunk of flesh.
You eat the chunk of flesh.
This raw flesh tastes great.
HP restored.
You climb downwards.
Level annotation: exclusion: upstairs, Jessica Welcome back to level 4!
An orc comes into view. It is wielding a +0 club.
An orc comes into view. It is wielding a +0 short sword.
There is a stone staircase leading up here.
The orc shouts!
You hear a shout!
An orc comes into view. It is wielding a +0 dagger.
The orc shouts!
You scratch the orc. Your bite misses the orc.
The orc is heavily wounded.
The orc closely misses you.
You completely miss the orc.
The orc is heavily wounded.
You closely miss the orc.
Jessica shouts!
You scratch the orc.
The orc is heavily wounded.
The orc closely misses you.
You barely miss the orc.
The orc is heavily wounded.
You completely miss the orc.
The orc is heavily wounded.
The orc barely misses you. The orc closely misses you. The orc misses you.
The orc misses you. The orc hits you with a +0 club. The orc misses you.
The scorpion stings you.
You climb upwards.
There is a stone staircase leading down here.
The orc hits you with a +0 short sword! The orc hits you with a +0 club.
* * * LOW HITPOINT WARNING * * *
There is a stone staircase leading down here.
You climb downwards.
Level annotation: exclusion: upstairs, Jessica
There is a stone staircase leading up here.
You start resting.
An orc comes into view. It is wielding a +0 falchion.
An orc is nearby!
The orc shouts!
The orc throws a stone.
The stone completely misses you.
The orc throws a stone.
The stone completely misses you.
Casting: Beastly Appendage (safe; 9% risk of failure)
Confirm with . or Enter, or press ? or * to list all spells.
You grow a pair of large bovine horns.
The orc throws a stone.
The stone hits you.
* * * LOW HITPOINT WARNING * * *
The orc throws a stone.
The stone barely misses you.
There is a stone staircase leading up here.
Magic restored.
The orc throws a stone.
The stone barely misses you.
You climb upwards.
Your transformation is almost over.
The orc completely misses you.
There is a stone staircase leading down here.
You scratch the orc but do no damage. The orc hits you with a +0 club.
You die...

.# #.#....# #..# .## #......#
##.# ..# #......##### #.#
..###....#.....# #.#
..##.....#####.### #.#
..##.............# #.##
.................# #..#
>.......#........# ##.#
...(....#......o@# #.#
.................##########.#####
............^....................
####....#........###############.
##...##..o........# #.
###..##.......#### #.
#...s......<##### ##
#######..###.###..#...# #
.s..s....# #<...#.#..<# #######


You could see a scorpion and 2 orcs.

Vanquished Creatures
  A quasit (D:2)
  An adder (D:2)
  An ooze (D:1)
  A worm (D:2)
  A dart slug (D:2)
  A leopard gecko (D:1)
  2 orcs (D:3)
  3 bats (D:1)
  A giant cockroach (D:2)
  5 hobgoblins
  2 jackals (D:2)
  11 kobolds
  2 quokkas
  A ball python (D:2)
  3 frilled lizards (D:1)
  5 goblins
  14 rats
55 creatures vanquished.

Vanquished Creatures (collateral kills)
  A worm (D:2)
1 creature vanquished.

Grand Total: 56 creatures vanquished

Notes
Turn   | Place    | Note
-------+----------+-------------------------------------------
     0 | D:1      | MisterOstroum the Felid Transmuter began the quest for the
                  | Orb.
     0 | D:1      | Reached XP level 1. HP: 10/10 MP: 4/4
    72 | D:1      | Reached skill level 1 in Stealth
   140 | D:1      | Reached skill level 2 in Stealth
   155 | D:1      | Reached XP level 2. HP: 14/14 MP: 6/6
   283 | D:1      | Reached skill level 3 in Stealth
   618 | D:1      | Reached XP level 3. HP: 18/18 MP: 7/7
   857 | D:1      | Reached skill level 4 in Stealth
   988 | D:2      | Learned a level 2 spell: Sticks to Snakes
  2023 | D:2      | Found a faded altar of an unknown god.
  2396 | D:3      | Reached XP level 4. HP: 22/22 MP: 8/8
  2396 | D:3      | Reached skill level 5 in Stealth
  2430 | D:3      | Noticed Jessica
  2687 | D:2      | HP: 1/22 [quasit (1)]
  2688 | D:2      | Slain by a quasit
  2689 | D:2      | Reached XP level 3. HP: 0/18 MP: 2/7
  3000 | D:3      | Reached XP level 4. HP: 22/22 MP: 8/8
  3058 | D:2      | Slain by an orc

Skill      XL: |  1  2  3  4 |
---------------+-------------+-----
Stealth        | 2 3 4 5 |  5.0
Dodging        | 3 |  3.2
Fighting       | |  1.5
Unarmed Combat | |  3.9
Spellcasting   | |  2.2
Transmutations | |  2.5

Action                   |  1- 3 |  4- 6 || total
-------------------------+-------+-------++-------
Melee: Unarmed           |   153 |    28 ||   181
       Bite              |     4 |     2 ||     6
       Punch             |     1 |       ||     1
       Headbutt          |       |     1 ||     1
 Cast: Beastly Appendage |     1 |     4 ||     5
       Sticks to Snakes  |     3 |     4 ||     7
 Stab: Sleeping          |    21 |       ||    21
  Eat: Chunk             |    11 |     2 ||    13
Armor: Skin              |     8 |    10 ||    18
Dodge: Dodged            |   135 |    64 ||   199
